 Dungeon Crawl Stone Soup version 0.29.0-11-gd7f09526c8 (webtiles) character file.

Game seed: 10465467897238206538

23 Zonian the Grave Robber (level 2, -1/28 HPs)
             Began as a Demonspawn Necromancer on Sept 4, 2022.
             Succumbed to a goblin's poison
             ... on level 2 of the Dungeon.
             The game lasted 00:01:44 (1072 turns).

Zonian the Grave Robber (Demonspawn Necromancer)    Turns: 1072, Time: 00:01:45

Health: -1/28      AC:  2    Str:  8    XL:     2   Next: 72%
Magic:  4/5        EV: 12    Int: 16    God:
Gold:   131        SH:  0    Dex: 13    Spells: 4/5 levels left

rFire   . . .      SeeInvis .   i - +0 short sword
rCold   . . .      Faith    .   (no shield)
rNeg    . . .      Spirit   +   a - +0 robe
rPois   .          Reflect  .   (no helmet)
rElec   .          Harm     .   (no cloak)
rCorr   .          Rampage  .   (no gloves)
Will    .....                   (no boots)
Stlth   ..........              d - amulet of guardian spirit
HPRegen 0.09/turn               (no ring)
MPRegen 0.09/turn               (no ring)

@: berserking, lethally poisoned (-1 -> -16), very quick
A: spiny 1
a: no special abilities


You were on level 2 of the Dungeon.
You visited 1 branch of the dungeon, and saw 2 of its levels.

You collected 131 gold pieces.

Inventory:

Hand Weapons
 i - a +0 short sword (weapon)
Armour
 a - a +0 robe (worn)
Jewellery
 d - an amulet of guardian spirit (around neck)
 g - a ring of protection from fire
Scrolls
 f - 2 scrolls of identify {unknown}
 k - a scroll of enchant weapon {unknown}
Potions
 b - a potion of magic
 c - a potion of resistance {unknown}
 e - a potion of berserk rage
 h - a potion of degeneration {unknown}
 j - a potion of curing {unknown}


   Skills:
 + Level 2.1 Dodging
 + Level 2.2 Stealth
 + Level 2.3 Spellcasting
 + Level 4.6 Necromancy


You had 4 spell levels left.
You knew the following spells:

 Your Spells              Type           Power      Damage    Failure   Level
a - Necrotise             Necr           64%        1d7       3%          1

Your spell library contained the following spells:

 Spells                   Type           Power      Damage    Failure   Level
 Vampiric Draining        Necr           16%        2d7       9%          3
 Beastly Appendage        Tmut           2%         N/A       21%         1
 Wereblood                Tmut           1%         N/A       30%         2
 Animate Dead             Necr           16%        N/A       30%         4
 Ozocubu's Armour         Ice            1%         N/A       52%         3
 Spider Form              Tmut/Pois      1%         N/A       52%         3
 Agony                    Necr           16%        N/A       63%         5
 Metabolic Englaciation   Hex/Ice        0%         N/A       99%         5
 Simulacrum               Ice/Necr       4%         N/A       100%        6


Dungeon Overview and Level Annotations

Branches:
Dungeon (2/15)

Altars:

Annotations:
D:2 Robin


Innate Abilities, Weirdness & Mutations

You are partially covered in sharp spines.


Message History

A hobgoblin and 2 goblins come into view.
The hobgoblin shouts!
The goblin shouts! x2; You hear an angry hiss.
The goblin hits you with a +0 club.
You hit the goblin.
The goblin is heavily wounded.
The goblin is struck by your spines.
You kill the goblin!
A goblin comes into view. It is wielding a +0 dagger.
The goblin shouts!
You hit the goblin but do no damage.
The goblin hits you with a +0 dagger of venom.
You are lethally poisoned!
You closely miss the goblin.
You feel very sick. The goblin barely misses you.
Unknown command.
The goblin attacks as you move away!
The goblin hits you with a +0 dagger of venom.
You are more poisoned.
You feel very sick.
Robin roars a battlecry!
The goblins go into a battle-frenzy!
You hear an angry hiss.
* * * LOW HITPOINT WARNING * * *
You feel very sick.
Unknown command.
It was a potion of berserk rage.
A red film seems to cover your vision as you go berserk!
You feel yourself moving faster!
You feel mighty!
* * * LOW HITPOINT WARNING * * *
You feel very sick.
You are too berserk!
Unknown command.
You barely miss the goblin.
* * * LOW HITPOINT WARNING * * *
You feel sick. The hobgoblin barely misses you.
The goblin is struck by your spines. The goblin hits you but does no damage.
You are more poisoned.
You puncture the goblin!
You kill the goblin!
You die...

#..#.
#.# .P
#. #.#
#.
#.##..
#.##..
#.##.#
#.##.#
#.##.#
#.##.#
#..@)#
####g#
#g#
#g#
#g.
#g##
#g#
#g#
#.#


You could see Robin, 3 hobgoblins and 3 goblins.

Vanquished Creatures
  5 bats (D:1)
  2 endoplasms
  A giant cockroach (D:1)
  4 goblins
  A hobgoblin (D:1)
  2 kobolds (D:1)
  2 ball pythons (D:1)
  2 frilled lizards
  3 rats (D:1)
22 creatures vanquished.

Vanquished Creatures (collateral kills)
  A rat (D:1)
1 creature vanquished.

Grand Total: 23 creatures vanquished

Notes
Turn   | Place    | Note
-------+----------+-------------------------------------------
     0 | D:1      | Zonian the Demonspawn Necromancer began the quest for the
                  | Orb.
     0 | D:1      | Reached XP level 1. HP: 13/13 MP: 3/3
   414 | D:1      | Gained mutation: You are partially covered in sharp spines.
                  | [demonic ancestry]
   414 | D:1      | Reached XP level 2. HP: 19/19 MP: 1/5
  1062 | D:2      | Noticed Robin
  1072 | D:2      | Succumbed to a goblin's poison

Illustrated notes

Levels and vault maps discovered:
D:1:      onia_arrival_mini_spirals, layout_basic
D:2:      layout_loops_ring, shapermc_ecumenical_altar_mp_ritualfount,
          nicolae_concentric_dashed_squares_wild, uniq_robin

Skill      XL: |  1  2 |
---------------+-------+-----
Stealth        | 2 |  2.2
Dodging        | 2 |  2.1
Spellcasting   | |  2.3
Necromancy     | |  4.6

Action                   || total
-------------------------++-------
Melee: Unarmed           ||     5
       Short sword       ||    13
 Cast: Necrotise         ||    14
  Use: Potion            ||     1
 Stab: Sleeping          ||     4
Armor: Robe              ||     8
Dodge: Dodged            ||    14
